 Dungeon Crawl Stone Soup version 0.28.0-53-g5a82cb258f (webtiles) character file.

Game seed: 2920316214024454633

1077 Zeld the Magician (level 8, -5/41 HPs)
             Began as a Deep Elf Fire Elementalist on May 22, 2022.
             Slain by an orc warrior
             ... wielding a +0 mace
              (6 damage)
             ... on level 5 of the Dungeon.
             The game lasted 00:04:50 (7518 turns).

Zeld the Magician (Deep Elf Fire Elementalist)      Turns: 7518, Time: 00:04:51

Health: -5/41      AC:  3    Str:  5    XL:     8   Next: 8%
Magic:  15/20      EV: 29    Int: 23    God:
Gold:   177        SH:  0    Dex: 15    Spells: 15/21 levels left

rFire   . . .      SeeInvis .   a - +3 long sword
rCold   . . .      Faith    .   (no shield)
rNeg    . . .      Spirit   .   j - +0 robe
rPois   .          Reflect  .   (no helmet)
rElec   .          Harm     .   n - +0 cloak
rCorr   .          Rampage  .   (no gloves)
Will    .....                   (no boots)
Stlth   ++........              b - amulet of the acrobat
HPRegen 0.13/turn               (no ring)
MPRegen 0.17/turn               (no ring)

@: acrobatic
A: no striking features
a: no special abilities


You were on level 5 of the Dungeon.
You visited 2 branches of the dungeon, and saw 7 of its levels.

You collected 177 gold pieces.

Inventory:

Hand Weapons
 a - a +3 long sword (weapon)
Armour
 j - a +0 robe (worn)
 n - a +0 cloak (worn)
Jewellery
 b - an amulet of the acrobat (around neck)
Scrolls
 d - 4 scrolls of identify {unknown}
 e - 4 scrolls of teleportation {unknown}
 f - a scroll of acquirement {unknown}
 i - 3 scrolls of immolation {unknown}
 k - a scroll of fog {unknown}
 m - a scroll of amnesia {unknown}
 o - a scroll of fear {unknown}
Potions
 c - 2 potions of lignification {unknown}
 g - 2 potions of brilliance {unknown}
 h - a potion of attraction {unknown}
 l - a potion of invisibility {unknown}


   Skills:
 + Level 1.4 Long Blades
 + Level 4.7 Dodging
 - Level 2.4 Stealth
 * Level 7.3 Spellcasting
 + Level 3.7 Conjurations
 - Level 4.0 Hexes
 * Level 6.3 Fire Magic


You had 15 spell levels left.
You knew the following spells:

 Your Spells              Type           Power      Damage    Failure   Level
a - Foxfire               Conj/Fire      100%       2x1d9     1%          1
b - Scorch                Fire           74%        2d8       1%          2
c - Inner Flame           Hex/Fire       32%        N/A       2%          3

Your spell library contained the following spells:

 Spells                   Type           Power      Damage    Failure   Level
 Conjure Flame            Conj/Fire      31%        6-21      2%          3
 Flame Wave               Conj/Fire      31%        2d8       10%         4


Dungeon Overview and Level Annotations

Branches:
Dungeon (6/15)             Temple (1/1) D:5

Altars:
Cheibriados
Elyvilon
Gozag
Hepliaklqana
Okawaru
Qazlal
Trog
Uskayaw
Wu Jian
Yredelemnul
Zin
The Shining One

Shops:
D:4 [

Annotations:
D:3 3 runed translucent doors, Shockd's ghost, amateur TeAE


Message History

Training target 4.0 for Hexes reached!
Your Hexes skill increases to level 4!
Casting: Scorch (safe; 1% risk of failure)
Confirm with . or Enter, or press ? or * to list all spells.
Flames lash the orc wizard.
The orc wizard is almost dead.
The orc wizard's fire resistance burns away.
The orc warrior hits you with a +0 mace!
The orc wizard casts a spell at you. The magic dart hits you!
Casting: Scorch (safe; 1% risk of failure)
Confirm with . or Enter, or press ? or * to list all spells.
Flames lash the orc warrior.
The orc warrior is lightly wounded.
The orc warrior's fire resistance burns away.
The orc warrior closely misses you. The orc wizard casts a spell at you.
You easily resist.
Unknown command.
There is an open door here.
The orc wizard gestures wildly while chanting.
The orc wizard flickers and vanishes!
Deactivating autopickup; reactivate with Ctrl-A.
The orc warrior is no longer more vulnerable to fire.
The orc warrior closely misses you.
A puff of flame appears from out of thin air!
The puff of flame misses you.
A puff of flame appears from out of thin air!
The puff of flame hits you!
* * * LOW HITPOINT WARNING * * *
There is a stone staircase leading up here.
A magic dart appears from out of thin air!
The magic dart hits you.
* * * LOW HITPOINT WARNING * * *
The orc warrior barely misses you.
You climb upwards.
Reactivating autopickup.
There is a stone staircase leading down here.
The orc warrior hits you with a +0 mace.
You die...

#.## #........#.#...†...[.# #...
...###...#...####..####...# ####
........>...##<##.....'...# #..
............#...#.#####...# #.#
............#.⌠.#....##...# #.#
#..##.....###...#....##...# #.#
......#.....#'.##....##...# #..
##.#####..##.######..##...# #..
##.# #.....##.@.##.##...# #..
#### #...⌠..).⌠o>#.###'######.. #
#.#...##...######.........
########.....######.......#.....#
............#[.##................
.#######..###...#.#.......#.###.#
.# #....#.).#.#.......#.###.#
.#######....#...#.#...........#.#
..)...##....##>##.#.....#.#.#.#..


You could see an orc warrior.

Vanquished Creatures
  Edmund (D:5)
  An ogre (D:5)
  A bullfrog (D:4)
  A water moccasin skeleton (D:5)
  5 wights (D:4)
  2 howler monkeys
  A bullfrog zombie (D:5)
  4 hounds
  3 iguanas
  Natasha (thrice) (D:2)
  2 orc wizards (D:6)
  4 adders
  A howler monkey skeleton (D:5)
  An adder skeleton (D:4)
  A dart slug (D:2)
  15 orcs
  5 endoplasms
  A giant cockroach (D:1)
  8 goblins
  4 hobgoblins
  2 jackals (D:4)
  A quokka (D:1)
  9 ball pythons
  5 bats
  2 frilled lizards
  4 kobolds
  4 rats
91 creatures vanquished.

Vanquished Creatures (others)
  117 foxfires
117 creatures vanquished.

Grand Total: 208 creatures vanquished

Notes
Turn   | Place    | Note
-------+----------+-------------------------------------------
     0 | D:1      | Zeld the Deep Elf Fire Elementalist began the quest for the
                  | Orb.
     0 | D:1      | Reached XP level 1. HP: 10/10 MP: 6/6
   468 | D:1      | Reached XP level 2. HP: 15/15 MP: 0/8
   471 | D:1      | Learned a level 2 spell: Scorch
  1337 | D:2      | Reached XP level 3. HP: 19/19 MP: 5/10
  1341 | D:2      | Learned a level 3 spell: Inner Flame
  1655 | D:2      | Found a faded altar of an unknown god.
  1655 | D:2      | Noticed Natasha
  1660 | D:2      | Killed Natasha
  1661 | D:2      | Reached skill level 4 in Spellcasting
  1839 | D:2      | Reached XP level 4. HP: 19/24 MP: 4/12
  2246 | D:2      | Noticed Natasha
  2255 | D:2      | Killed Natasha
  2256 | D:2      | Reached skill level 1 in Hexes
  2315 | D:2      | Found a faded altar of an unknown god.
  2348 | D:2      | Noticed Natasha
  2352 | D:2      | Killed Natasha
  3019 | D:3      | Reached XP level 5. HP: 28/28 MP: 9/14
  3331 | D:3      | Found a runed translucent gate.
  3331 | D:3      | Found a runed translucent gate.
  3331 | D:3      | Found a runed translucent gate.
  3420 | D:3      | Noticed Shockd's ghost (amateur TeAE)
  3746 | D:4      | Reached skill level 5 in Spellcasting
  4143 | D:4      | Reached XP level 6. HP: 32/32 MP: 9/16
  4258 | D:4      | Found a bloodstained altar of Trog.
  4270 | D:4      | Found a snail-covered altar of Cheibriados.
  4282 | D:4      | Reached skill level 5 in Fire Magic
  5428 | D:4      | Found Bocoiwn's Armour Shop.
  5495 | D:4      | Reached skill level 6 in Spellcasting
  5759 | D:5      | Entered Level 5 of the Dungeon
  5768 | D:4      | Reached XP level 7. HP: 10/36 MP: 6/18
  6004 | D:5      | Found a staircase to the Ecumenical Temple.
  6013 | Temple   | Entered the Ecumenical Temple
  6265 | D:5      | Noticed Edmund
  6596 | D:5      | Reached skill level 1 in Long Blades
  6727 | D:5      | Killed Edmund
  6728 | D:5      | Reached skill level 7 in Spellcasting
  7288 | D:5      | Reached XP level 8. HP: 41/41 MP: 13/20
  7515 | D:6      | HP: 1/41 [something/magic dart (5)]
  7518 | D:5      | Slain by an orc warrior

Illustrated notes

Levels and vault maps discovered:
D:1:      dpeg_arrival_line_fractal, layout_rooms, lemuel_another_geyser
D:2:      layout_loops_ring, ebering_ecumenical_altar_webs, uniq_natasha
D:3:      layout_basic, gammafunk_ghost_icy, nicolae_elevator_lobby_asterisk
D:4:      layout_loops_corners, mainiacjoe_overflow_catch_the_wave,
          serial_shops, shop, hex_medium
D:5:      layout_basic, minmay_temple_entry_hall, grunt_ministairs_4,
          uniq_edmund
D:6:      layout_gridville, grunt_temple_overflow_lords_of_destruction,
          jmf_multi_god_temple, nicolae_ossuary_entry_catacombs
Temple:   chequers_temple_sunken

Skill      XL: |  1  2  3  4  5  6  7  8 |
---------------+-------------------------+-----
Dodging        | 3 4 |  4.7
Spellcasting   | 4 5 6 7 |  7.3
Fire Magic     | 4 5 6 |  6.3
Conjurations   | 2 3 |  3.7
Hexes          | 1 2 3 4 |  4.0
Long Blades    | 1 |  1.4
Stealth        | |  2.4

Action                   |  1- 3 |  4- 6 |  7- 9 || total
-------------------------+-------+-------+-------++-------
Melee: Unarmed           |     3 |     1 |       ||     4
       Long sword        |       |       |     4 ||     4
 Cast: Foxfire           |    66 |    13 |     3 ||    82
       Scorch            |    18 |    57 |    48 ||   123
       Inner Flame       |       |       |     3 ||     3
 Stab: Sleeping          |     1 |       |       ||     1
Armor: Robe              |       |     1 |     3 ||     4
Dodge: Dodged            |    17 |    18 |    38 ||    73
